 Dungeon Crawl Stone Soup version 0.22.1-2-g9c5b331 (webtiles) character file.

355 Tr0llz0r the Chopper (level 6, 0/55 HPs)
             Began as a Hill Orc Fighter on Jan 4, 2019.
             Slain by an ogre
             ... wielding a +0 giant spiked club
              (28 damage)
             ... on level 4 of the Dungeon.
             The game lasted 00:11:48 (3622 turns).

Tr0llz0r the Chopper (Hill Orc Fighter)             Turns: 3622, Time: 00:11:49

Health: 0/55       AC: 12    Str: 21    XL:     6   Next: 63%
Magic:  6/6        EV:  5    Int:  8    God:
Gold:   172        SH: 10    Dex: 10    Spells: 5/5 levels left

rFire    . . .     SeeInvis .   a - +0 war axe
rCold    + . .     Gourm    .   c - +1 shield
rNeg     . . .     Faith    .   l - +0 chain mail {rC+}
rPois    .         Spirit   .   (no helmet)
rElec    .         Reflect  .   m - +0 cloak
rCorr    .         Harm     +   y - +0 pair of gloves
MR       .....                  (no boots)
Stlth    ..........             p - amulet of harm
HPRegen  0.18/turn              g - ring of fire
MPRegen  0.10/turn              r - ring of ice

@: no status effects
A: no striking features
a: no special abilities


You were on level 4 of the Dungeon.
You were not hungry.

You visited 1 branch of the dungeon, and saw 4 of its levels.

You collected 172 gold pieces.

Inventory:

Hand Weapons
 a - a +0 war axe (weapon)
 s - a cursed +0 blowgun
 x - a +0 scimitar
 z - a +0 falchion
Missiles
 e - 89 stones (quivered)
 h - 30 bolts
 i - 41 arrows
 n - 3 needles of confusion
 t - 16 poisoned needles
Armour
 b - a +0 scale mail
 c - a +1 shield (worn)
 k - a +0 buckler
 l - a +0 chain mail of cold resistance (worn)
 m - a +0 cloak (worn)
 y - a +0 pair of gloves (worn)
Jewellery
 g - a ring of fire (left hand)
 p - an amulet of harm (around neck)
 r - a ring of ice (right hand)
Scrolls
 j - a scroll of teleportation
 w - a scroll of identify
 B - a scroll of random uselessness {unknown}
 C - a scroll of blinking
Potions
 d - a potion of might
 o - a potion of cancellation {unknown}
 q - a potion of magic {unknown}
 u - a potion of flight {unknown}
 v - a potion of agility {unknown}
 A - a potion of lignification {unknown}
Comestibles
 f - 2 rations


   Skills:
 + Level 4.8 Fighting
 + Level 6.2 Axes
 + Level 4.6 Armour
 + Level 0.4 Dodging
 + Level 4.4 Shields


You had 5 spell levels left.
You didn't know any spells.
Your spell library was empty.

Dungeon Overview and Level Annotations

Branches:
Dungeon (4/15)
 Temple: D:4-7

Altars:
Dithmenos
Elyvilon
Hepliaklqana
Ru


Message History

You block the ogre's attack.
Your shield and chain mail prevent you from hitting the ogre.
The ogre is heavily wounded.
You block the ogre's attack.
You hit the ogre but do no damage.
The ogre is heavily wounded.
The ogre barely misses you.
You barely miss the ogre.
The ogre is heavily wounded.
You closely miss the ogre.
The ogre is heavily wounded.
The ogre barely misses you.
Your shield and chain mail prevent you from hitting the ogre.
The ogre is heavily wounded.
You block the ogre's attack.
You hit the ogre.
The ogre is severely wounded.
The ogre hits you with a giant spiked club!!
Ouch! That really hurt!
You die...

..............* #.#.# #.# #..#
..####.######.* #.#.# #.# #..#
..####.######.# #.#.# #<# #..#
...........##.# #.#.# #.# #..#
........##.##.###.#.# #.###..#
#..###.........##.#.# #......#
#.,*
##.##.##..##.#.##########.##
#,,* #.##.##..##/#....<.........
*,,* #.##.##..O@..............##
*,,**##.#...#...#.##############
*,,,..............#
**,*###.#...##...##
*,***#..........#
*,,,......###...# ****#######
#####


You could see an ogre.

Vanquished Creatures
  Blork the orc (D:4)
  A hound (D:4)
  An orc priest (D:4)
  An orc wizard (D:4)
  Natasha (D:3)
  A howler monkey skeleton (D:3)
  4 adders
  An ooze (D:3)
  5 worms
  5 dart slugs
  3 leopard geckos
  17 orcs
  A ball python (D:1)
  2 giant cockroaches
  6 goblins
  11 hobgoblins
  3 jackals (D:3)
  A quokka (D:3)
  9 bats
  6 frilled lizards
  9 kobolds
  9 rats
98 creatures vanquished.

Notes
Turn   | Place    | Note
-------+----------+-------------------------------------------
     0 | D:1      | Tr0llz0r the Hill Orc Fighter began the quest for the Orb.
     0 | D:1      | Reached XP level 1. HP: 19/19 MP: 1/1
    97 | D:1      | Reached XP level 2. HP: 15/27 MP: 2/2
   131 | D:1      | Reached skill level 3 in Axes
   551 | D:1      | Reached XP level 3. HP: 29/33 MP: 3/3
   945 | D:2      | Reached XP level 4. HP: 5/40 MP: 4/4
  1301 | D:2      | Reached skill level 4 in Axes
  1939 | D:3      | Noticed Natasha
  1948 | D:3      | Killed Natasha
  1948 | D:3      | Reached XP level 5. HP: 46/46 MP: 5/5
  2035 | D:3      | Reached skill level 5 in Axes
  2157 | D:3      | Found a shadowy altar of Dithmenos.
  2160 | D:3      | Found a sacrificial altar of Ru.
  2161 | D:3      | Found a white marble altar of Elyvilon.
  2555 | D:3      | Found a hazy altar of Hepliaklqana.
  3204 | D:4      | Reached XP level 6. HP: 53/53 MP: 6/6
  3232 | D:4      | Noticed Blork the orc
  3248 | D:4      | Killed Blork the orc
  3470 | D:4      | Reached skill level 6 in Axes
  3622 | D:4      | Slain by an ogre

Skill      XL: |  1  2  3  4  5  6 |
---------------+-------------------+-----
Axes           | 3 4 5 6 |  6.2
Fighting       | 4 |  4.8
Shields        | 4 |  4.4
Armour         | 4 |  4.6
Dodging        | |  0.4

Action                   |  1- 3 |  4- 6 || total
-------------------------+-------+-------++-------
Melee: War axe           |   125 |   209 ||   334
  Use: Scroll            |     3 |     4 ||     7
  Eat: Ration            |       |     3 ||     3
Armor: Scale mail        |    28 |       ||    28
       Chain mail        |    34 |   115 ||   149
Dodge: Dodged            |    35 |    47 ||    82
Block: Shield            |    64 |   107 ||   171
